 Dungeon Crawl Stone Soup version 0.14-a0-2061-g6c6fb9c (webtiles) character file.

152 Deemzul the Skirmisher (level 4, -3/33 HPs)
             Began as an Octopode Fighter on Jan 21, 2014.
             Slain by an orc wizard
             ... wielding a +0,+0 orcish mace
              (5 damage)
             ... on Level 3 of the Dungeon.
             The game lasted 00:01:34 (1276 turns).

Deemzul the Skirmisher (Octopode Fighter)           Turns: 1276, Time: 00:01:34

HP  -3/33        AC  1     Str 15      XL: 4   Next: 34%
MP   4/4         EV 10     Int 10      God:
Gold 75          SH 17     Dex 12      Spells:  0 memorised,  3 levels left

rFire  . . .     SeeInvis .     l - +1,+3 dwarf hand axe
rCold  . . .     Clarity  .     c - +0 shield
rNeg   . . .     Conserve .     (helmet restricted)
rPois  .         rCorr    +     m - amulet of resist corrosion {unknown}
rElec  .         rRot     .     q - ring of flight
SustAb . .       Spirit   .     (no ring)
rMut   .         Warding  .     (no ring)
Saprov . . .     Stasis   .     (no ring)
MR     .....                    (no ring)
                                (no ring)
                                (no ring)
                                (no ring)

@: not resistant to hostile enchantments, fairly stealthy
A: almost no armour, amphibious, 8 rings, constrict 8, camouflage 1, slow
metabolism 1, gelatinous body 1
a: Evoke Flight


You were on level 3 of the Dungeon.
You were not hungry.

You visited 1 branch of the dungeon, and saw 3 of its levels.

You collected 75 gold pieces.

Inventory:

Hand weapons
 l - a +1,+3 dwarven hand axe (weapon)
Armour
 c - a +0 shield (worn)
Comestibles
 a - an apple
 d - 3 bread rations
 i - 2 meat rations
Scrolls
 b - a scroll of curse weapon {unknown}
 e - a scroll of fear {unknown}
 f - a scroll of random uselessness {unknown}
 g - a scroll of remove curse {unknown}
 h - a scroll of amnesia {unknown}
 j - 2 scrolls of identify {unknown}
 k - 2 scrolls of noise {unknown}
 s - a scroll of magic mapping {unknown}
Jewellery
 m - an amulet of resist corrosion (around mantle) {unknown}
 q - a ring of flight (left tentacle)
Potions
 n - a potion of paralysis {unknown}
 o - a potion of degeneration {unknown}
 p - a potion of cure mutation {unknown}
 r - a potion of mutation {unknown}


   Skills:
 + Level 4.0 Fighting
 * Level 3.5 Axes
 - Level 3.0 Dodging
 - Level 3.0 Shields


You had 3 spell levels left.
You didn't know any spells.

Dungeon Overview and Level Annotations

Branches:
Dungeon (3/16)

Altars:


Innate Abilities, Weirdness & Mutations

You cannot wear most types of armour.
You are amphibious.
You can wear up to eight rings at the same time.
You can use your tentacles to constrict many enemies at once.
Your skin changes colour to match your surroundings (Stlth).
Your rubbery body absorbs attacks (AC +1).
You have a slow metabolism.


Message History

You hit the orc.
The orc is almost dead.
You hit something but do no damage. You squeeze something.
You barely miss the orc.
The orc is lightly wounded.
You block the orc's attack. Something hits you.
The orc hits you but does no damage. The orc hits you with an orcish dagger.
The orc hits you with an orcish short sword!
* * * LOW HITPOINT WARNING * * *
Something hits you!
* * * LOW HITPOINT WARNING * * *
Unknown command.
Drink which item? (? for menu, Esc to quit)
Okay, then.
You hit the orc.
You kill the orc!
You completely miss something. You hit the orc.
You kill the orc!
Something hits you.
You die...

##########
........
..... #..#
#<.# #..#
#@{# #){#
.....
........
##..######
#..# #..#
#..# ...


There were no monsters in sight!

Vanquished Creatures
  2 adders (D:2)
  A giant mite (D:2)
  A worm (D:2)
  2 giant geckos
  4 orcs (D:3)
  8 bats
  A giant cockroach (D:1)
  6 hobgoblins
  3 jackals (D:1)
  5 giant newts
  A goblin (D:2)
  3 kobolds
  8 rats
45 creatures vanquished.

Notes
Turn   | Place    | Note
--------------------------------------------------------------
     0 | D:1      | Deemzul, the Octopode Fighter, began the quest for the Orb.
     0 | D:1      | Reached XP level 1. HP: 16/16 MP: 1/1
   202 | D:1      | Reached XP level 2. HP: 15/21 MP: 2/2
   525 | D:1      | Reached XP level 3. HP: 22/27 MP: 3/3
   526 | D:1      | Gained mutation: You have a slow metabolism. [potion of beneficial mutation]
  1099 | D:2      | Reached XP level 4. HP: 33/33 MP: 4/4
  1110 | D:2      | Reached skill level 4 in Fighting
  1276 | D:3      | Slain by an orc wizard

Action                   |  1- 3 |  4- 6 || total
-------------------------+-------+-------++-------
Melee: Hand axe          |    66 |    14 ||    80
  Use: Potion            |     2 |       ||     2
 Stab: Sleeping          |     2 |       ||     2
